 Dungeon Crawl Stone Soup version 0.29.1-12-g30fa7ad0bf (webtiles) character file.

Game seed: 13687950136585444159

9925 RapScallion the Severer (level 11, 0/99 HPs)
             Began as a Hill Orc Fighter on Jan 19, 2023.
             Was a Priest of Okawaru.
             Slain by a 13-headed hydra (1 damage)
             ... on level 10 of the Dungeon.
             The game lasted 00:39:51 (12468 turns).

RapScallion the Severer (Hill Orc Fighter)         Turns: 12468, Time: 00:39:52

Health: 0/99       AC: 21    Str: 24    XL:     11   Next: 54%
Magic:  0/12       EV: 10    Int:  8    God:    Okawaru [***...]
Gold:   618        SH:  7    Dex: 16    Spells: 10/10 levels left

rFire   . . .      SeeInvis .   t - +2 war axe (distort)
rCold   + . .      Faith    .   c - +0 buckler
rNeg    . . .      Spirit   +   H - +1 plate armour {rPois}
rPois   +          Reflect  .   y - +2 helmet
rElec   .          Harm     .   (no cloak)
rCorr   .          Rampage  .   (no gloves)
Will    .....                   (no boots)
Stlth   ..........              B - amulet of guardian spirit
HPRegen 0.26/turn               g - +6 ring of dexterity
MPRegen 0.13/turn               r - ring of protection from cold

@: heroic
A: no striking features
a: Renounce Religion, Heroism


You were on level 10 of the Dungeon.
You worshipped Okawaru.
Okawaru was most pleased with you.
You visited 2 branches of the dungeon, and saw 11 of its levels.
You also visited: Ossuary.

You collected 618 gold pieces.

Inventory:

Hand Weapons
 i - a +7 dire flail
 t - a +2 war axe of distortion (weapon)
 w - a +4 war axe
 x - a +2 trident
 C - a +0 broad axe
Missiles
 d - 6 silver javelins (quivered)
 J - a throwing net
Armour
 c - a +0 buckler (worn)
 y - a +2 helmet (worn)
 H - a +1 plate armour of poison resistance (worn)
Jewellery
 g - a +6 ring of dexterity (left hand)
 r - a ring of protection from cold (right hand)
 B - an amulet of guardian spirit (around neck)
 D - a +6 ring of dexterity
 I - a ring of resist corrosion
 M - a +6 ring of intelligence
Wands
 s - a wand of paralysis (9)
Scrolls
 f - 5 scrolls of teleportation
 m - a scroll of amnesia
 o - 3 scrolls of fog
 p - 3 scrolls of blinking
 u - a scroll of silence
 E - 3 scrolls of fear
 F - a scroll of torment
 K - 3 scrolls of identify
 N - a scroll of magic mapping
Potions
 a - a potion of resistance
 b - 3 potions of attraction
 e - 3 potions of flight
 h - 5 potions of lignification
 j - a potion of mutation
 k - a potion of brilliance
 l - 2 potions of cancellation
 n - 2 potions of magic
 q - 7 potions of curing
 v - a potion of ambrosia
 z - 2 potions of berserk rage
 A - a potion of degeneration
 G - 2 potions of might
 L - a potion of invisibility


   Skills:
 + Level 9.8(14.8) Fighting
 + Level 15.6(20.6) Axes
 + Level 10.7(15.7) Armour
 - Level 1.2(6.2) Dodging
 - Level 0.5(5.5) Stealth
 + Level 6.1(11.1) Shields
 + Level 1.4 Invocations


You had 10 spell levels left.
You didn't know any spells.
Your spell library contained the following spells:

 Spells                   Type           Power      Damage    Failure   Level
 Apportation              Tloc           0%         N/A       98%         1
 Foxfire                  Conj/Fire      0%         2x1d4     98%         1
 Necrotise                Necr           0%         1d4       98%         1
 Shock                    Conj/Air       0%         1d3       98%         1
 Sting                    Tmut/Pois      0%         1d3       98%         1
 Poisonous Vapours        Pois/Air       0%         N/A       99%         2
 Sublimation of Blood     Necr           0%         N/A       99%         2
 Wereblood                Tmut           0%         N/A       99%         2
 Conjure Flame            Conj/Fire      0%         6-21      100%        3
 Frozen Ramparts          Ice            0%         1d1       100%        3
 Inner Flame              Hex/Fire       0%         N/A       100%        3
 Flame Wave               Conj/Fire      0%         2d4       100%        4
 Ice Form                 Ice/Tmut       0%         N/A       100%        4
 Olgreb's Toxic Radiance  Pois           0%         N/A       100%        4
 Alistair's Intoxication  Tmut/Pois      0%         N/A       100%        5
 Storm Form               Tmut/Air       0%         N/A       100%        7
 Maxwell's Capacitive Co  Air            0%         ∞         100%        8
 Summon Small Mammal      Summ           Unusable   N/A       N/A         1
 Call Canine Familiar     Summ           Unusable   N/A       N/A         3
 Summon Guardian Golem    Hex/Summ       Unusable   N/A       N/A         3
 Summon Ice Beast         Ice/Summ       Unusable   N/A       N/A         4
 Summon Lightning Spire   Summ/Air       Unusable   N/A       N/A         4
 Summon Hydra             Summ           Unusable   N/A       N/A         7

Dungeon Overview and Level Annotations

Branches:
Dungeon (10/15)            Temple (1/1) D:6         Ossuary (visited)
   Lair: D:8-11         Orc: D:9-12

Altars:
Ashenzari
Cheibriados
Dithmenos
Elyvilon
Fedhas
Gozag
Kikubaaqudgha
Makhleb
Nemelex Xobeh
Okawaru
Qazlal
Ru
Sif Muna
Trog
Uskayaw
Vehumet
Wu Jian
Xom
Yredelemnul
Zin
The Shining One

Annotations:
Abyss:1 Joseph


Message History

The eight-headed hydra grows two more!
You slash the ten-headed hydra!
Space warps around the ten-headed hydra.
The ten-headed hydra is moderately wounded.
The ten-headed hydra bites you but does no damage.
The ten-headed hydra bites you! The ten-headed hydra bites you.
The ten-headed hydra barely misses you.
The ten-headed hydra bites you but does no damage.
The ten-headed hydra bites you!
* * * LOW HITPOINT WARNING * * *
The ten-headed hydra bites you but does no damage.
The ten-headed hydra completely misses you.
The ten-headed hydra bites you!
* * * LOW HITPOINT WARNING * * *
You block the ten-headed hydra's attack.
You lop one of the ten-headed hydra's heads off!
The nine-headed hydra grows two more!
You slash the 11-headed hydra!
The 11-headed hydra is moderately wounded.
The 11-headed hydra blinks!
Unknown command.
You slice one of the 11-headed hydra's heads off!
The ten-headed hydra grows two more!
You hit the 12-headed hydra.
Space warps around the 12-headed hydra.
The 12-headed hydra is moderately wounded.
You hack one of the 12-headed hydra's heads off!
The 11-headed hydra grows two more!
You slice the 13-headed hydra!!
Space warps horribly around the 13-headed hydra!
The 13-headed hydra is heavily wounded.
The 13-headed hydra bites you.
* * * LOW HITPOINT WARNING * * *
The 13-headed hydra bites you.
* * * LOW HITPOINT WARNING * * *
You block the 13-headed hydra's attack.
The 13-headed hydra bites you but does no damage.
The 13-headed hydra barely misses you. The 13-headed hydra bites you!
* * * LOW HITPOINT WARNING * * *
The 13-headed hydra bites you!
* * * LOW HITPOINT WARNING * * *
The 13-headed hydra bites you but does no damage. x2
The 13-headed hydra bites you.
You die...

###+###################....
#....................).....
#...................$......
#..........................
#..........................
#...>......................
#.................)........
#................))))......
##########.....D@..##'######
...............)...#


Ko. ...................# ..... ...................# ....... ...................#
.)..... ...................# .<..... ...................# .......
...................# #############'######## You could see a 13-headed hydra.

Vanquished Creatures
  2 two-headed ogres
  The ghost of Radix the Geomancer, a journeyman HuEE of Vehumet (D:9)
  A troll (D:7)
  A shadow (D:6)
  2 wyverns (D:9)
  A yak (D:9)
  A wraith (D:9)
  2 steam dragons
  3 acid dragons
  2 water moccasins (D:7)
  A sky beast (D:8)
  7 orc warriors
  3 ice beasts
  A black bear (D:4)
  2 ogres
  2 centaurs
  3 phantoms
  3 kobold brigands
  4 bullfrogs
  An elf zombie (Ossuary)
  A gnoll sergeant (D:9)
  5 scorpions
  2 necrophages
  12 wights
  10 killer bees
  4 howler monkeys
  5 hounds
  A jelly (D:4)
  A centaur zombie (Ossuary)
  3 gnoll boudas
  5 orc priests
  Jessica (D:2)
  3 iguanas
  8 orc wizards
  A mummy (Ossuary)
  12 gnolls
  13 adders
  A shadow imp (D:4)
  An ufetubus (D:6)
  2 adder zombies (Ossuary)
  6 dart slugs
  32 orcs
  6 endoplasms
  3 giant cockroaches
  2 gnoll zombies (Ossuary)
  6 goblins
  5 hobgoblins
  9 jackals
  20 kobolds
  4 quokkas
  4 ball pythons
  4 bats
  2 frilled lizards
  A goblin zombie (Ossuary)
  4 hobgoblin zombies (Ossuary)
  3 jackal zombies (Ossuary)
  2 kobold zombies (Ossuary)
  3 orc zombies (Ossuary)
  2 quokka zombies (Ossuary)
  4 rats
  5 rat zombies (Ossuary)
261 creatures vanquished.

Vanquished Creatures (others)
  2 orcs (D:4)
  A goblin (D:4)
  16 plants
19 creatures vanquished.

Grand Total: 280 creatures vanquished

Notes
Turn   | Place    | Note
-------+----------+-------------------------------------------
     0 | D:1      | RapScallion the Hill Orc Fighter began the quest for the
                  | Orb.
     0 | D:1      | Reached XP level 1. HP: 19/19 MP: 1/1
   286 | D:1      | Found a faded altar of an unknown god.
   364 | D:1      | Reached XP level 2. HP: 26/27 MP: 2/2
   682 | D:2      | Reached skill level 3 in Axes
   731 | D:2      | Noticed Jessica
   737 | D:2      | Killed Jessica
   738 | D:2      | Reached skill level 4 in Axes
   738 | D:2      | Reached XP level 3. HP: 17/33 MP: 3/3
   995 | D:2      | Found a shimmering altar of Xom.
  1058 | D:2      | Reached XP level 4. HP: 40/40 MP: 4/4
  1703 | D:3      | Reached skill level 5 in Axes
  1779 | D:3      | Reached XP level 5. HP: 44/46 MP: 5/5
  2337 | D:3      | Found a faded altar of an unknown god.
  2353 | D:3      | Found a shimmering blue altar of Sif Muna.
  2627 | D:3      | Reached skill level 6 in Axes
  2627 | D:3      | Reached XP level 6. HP: 24/52 MP: 6/6
  2846 | D:3      | You fall into a shaft and drop 1 floor!
  2870 | D:4      | Reached skill level 5 in Armour
  3454 | D:4      | Noticed a steam dragon
  3581 | D:4      | Killed a steam dragon
  3582 | D:4      | Reached XP level 7. HP: 43/60 MP: 7/7
  3780 | D:4      | Reached skill level 7 in Axes
  3833 | D:4      | Reached skill level 1 in Dodging
  3900 | D:4      | Reached skill level 5 in Fighting
  3963 | D:4      | Reached skill level 8 in Axes
  3963 | D:4      | Reached XP level 8. HP: 68/68 MP: 8/8
  4089 | D:4      | Found a glowing silver altar of Zin.
  4456 | D:5      | Entered Level 5 of the Dungeon
  5049 | D:5      | Reached skill level 9 in Axes
  5581 | D:5      | Reached skill level 10 in Axes
  5595 | D:5      | Reached XP level 9. HP: 57/74 MP: 9/9
  6153 | D:6      | Reached skill level 11 in Axes
  6167 | D:6      | Found a sand-covered staircase.
  6177 | Ossuary  | Entered an ossuary
  7210 | D:6      | Found a staircase to the Ecumenical Temple.
  7223 | D:6      | Reached skill level 12 in Axes
  7336 | Temple   | Entered the Ecumenical Temple
  7543 | Temple   | Became a worshipper of Warmaster Okawaru
  8053 | D:7      | Reached XP level 10. HP: 86/86 MP: 10/10
  8104 | D:7      | Reached * piety under Okawaru
  8105 | D:7      | Reached skill level 13 in Axes
  8139 | D:7      | Noticed Joseph
  8151 | D:7      | Banished Joseph
  8152 | D:7      | Reached skill level 5 in Shields
  9163 | D:8      | Reached skill level 14 in Axes
  9736 | D:8      | Found a hide-covered altar of Uskayaw.
  9896 | D:8      | Reached ** piety under Okawaru
 10099 | D:8      | Noticed a two-headed ogre
 10103 | D:8      | Noticed a gargoyle
 10108 | D:8      | Killed a two-headed ogre
 10114 | D:8      | Banished a gargoyle
 10115 | D:8      | Reached XP level 11. HP: 69/97 MP: 6/11
 10269 | D:8      | Found a burning altar of Makhleb.
 10794 | D:9      | Reached skill level 10 in Armour
 10798 | D:9      | Reached skill level 15 in Axes
 10961 | D:9      | Found a runed translucent door.
 10964 | D:9      | Noticed Radix's ghost (journeyman HuEE)
 10974 | D:9      | Killed Radix's ghost
 11173 | D:9      | Noticed a two-headed ogre
 11189 | D:9      | Reached skill level 1 in Invocations
 11194 | D:9      | Killed a two-headed ogre
 11194 | D:9      | Reached *** piety under Okawaru
 12059 | D:10     | Entered Level 10 of the Dungeon
 12111 | D:10     | Got Starting Spellweaving
 12136 | D:10     | Found a broken altar of Ashenzari.
 12442 | D:10     | Noticed a four-headed hydra
 12468 | D:10     | HP: 1/99 [13-headed hydra (7)]
 12468 | D:10     | Slain by a 13-headed hydra

Illustrated notes

Levels and vault maps discovered:
D:1:      lightli_arrival_isolated_outpost, layout_rooms,
          dreamdust_ecumenical_altar_statues, chequers_serial_rivers_large_b
D:2:      layout_loops_ring, basic_altar, uniq_jessica
D:3:      layout_basic, nicolae_overflow_ecumenical_swirl, minmay_bisected
D:4:      layout_cave_pools, mainiacjoe_overflow_boulevard, serial_glass,
          glass_columns_a, glass_columns_a, minmay_bent
D:5:      layout_basic
D:6:      layout_rooms, minmay_temple_entry_slanted, enter_ossuary_1,
          small_statue_intersection, nicolae_fountain_basement
D:7:      layout_basic, nicolae_grassy_gnolls, uniq_joseph
D:8:      layout_loops_ring, nicolae_uskayaw_dance_studio,
          lightli_temple_of_fire
D:9:      kennysheep_ambush_hall, layout_basic, ebering_ghost_reflecting_pool
D:10:     layout_grid_maze, evilmike_ruin_ashenzari,
          nicolae_hepliaklqana_ecumenical_no_more
Temple:   eino_temple_rhombus

Skill      XL: |  1  2  3  4  5  6  7  8  9 10 11 |
---------------+----------------------------------+-----
Axes           | 4 5 6 8 10 12 14 15 | 15.6
Fighting       | 4 5 7 9 |  9.8
Armour         | 4 5 6 7 8 9 10 | 10.7
Dodging        | 1 |  1.2
Shields        | 4 5 6 |  6.1
Invocations    | 1 |  1.4
Stealth        | |  0.5

Action                   |  1- 3 |  4- 6 |  7- 9 | 10-12 || total
-------------------------+-------+-------+-------+-------++-------
Melee: War axe           |    74 |   150 |   248 |   202 ||   674
Invok: Heroism           |       |       |       |     7 ||     7
  Use: Scroll            |     3 |    10 |    14 |     5 ||    32
       Potion            |     1 |       |       |     1 ||     2
Armor: Scale mail        |    37 |    49 |     1 |       ||    87
       Plate armour      |       |       |    95 |   125 ||   220
Dodge: Dodged            |    31 |    60 |    64 |    80 ||   235
Block: Buckler           |    23 |    33 |    42 |    64 ||   162
